 Dungeon Crawl Stone Soup version 0.31-a0-986-g5e6e4ef867 (webtiles) character file.

Game seed: 7377020758893214062

2797 BigDaddyOpFi the Covered (level 9, -3/78 (79) HPs)
             Began as an Armataur Fighter on Nov 14, 2023.
             Was a Believer of Wu Jian.
             Slain by a troll (4 damage)
             ... on level 9 of the Dungeon.
             The game lasted 00:11:30 (7259 turns).

BigDaddyOpFi the Covered (Armataur Fighter)         Turns: 7259, Time: 00:11:31

HP:   -3/78 (79)    AC:  8    Str: 26    XL:     9   Next: 43%
MP:   9/9           EV:  3    Int:  9    God:    Wu Jian [**....]
Gold: 406           SH:  5    Dex:  9    Spells: 8/8 levels left

rFire   . . .        D - +0 broad axe
rCold   . . .        c - +0 buckler
rNeg    . . .        m - +1 plate armour
rPois   .            (no helmet)
rElec   .            y - +2 cloak
rCorr   .            (no gloves)
SInv    .            C - +0 barding
Will    +....        (no amulet) Stlth
                     (no ring)
HPRegen 0.33/turn    (no ring)
MPRegen 0.11/turn

%: no passive effects
@: marked, corroded, attractive, enlightened, flying, lightly drained
A: large, rugged brown scales 3, deformed body, armoured tail, (roll), long
tongue, awkward tongue
a: Renounce Religion, Wall Jump


You were on level 9 of the Dungeon.
You worshipped Wu Jian.
Wu Jian was pleased with you.
You visited 1 branch of the dungeon, and saw 7 of its levels.
You also visited: Sewer and Ossuary.

You collected 406 gold pieces.

Inventory:

Hand Weapons
 a - a +1 war axe
 d - a +2 quarterstaff of chaos
 A - a +0 flail
 D - a +0 broad axe (weapon)
Missiles
 w - a silver javelin
 E - 23 stones
Armour
 b - a +0 scale mail
 c - a +0 buckler (worn)
 m - a +1 plate armour (worn)
 y - a +2 cloak (worn)
 C - a +0 barding (worn)
Jewellery
 z - a ring of wizardry
Talismans
 p - a flux talisman
 v - a dragon-blood talisman
Wands
 q - a wand of flame (17)
 t - a wand of paralysis (10) (quivered)
Scrolls
 i - 2 scrolls of immolation
 n - 4 scrolls of vulnerability
 s - a scroll of fear
 B - a scroll of fog
 F - a scroll of identify
Potions
 e - a potion of enlightenment
 f - 2 potions of attraction
 j - 4 potions of mutation
 l - a potion of ambrosia
 o - 2 potions of degeneration {unknown}
 r - 3 potions of lignification
 u - a potion of brilliance {unknown}


   Skills:
 + Level 5.5 Fighting
 + Level 4.7 Axes
 + Level 4.3 Throwing
 + Level 7.2 Armour
 + Level 6.5 Shields
 * Level 4.6 Shapeshifting


You had 8 spell levels left.
You didn't know any spells.
Your spell library contained the following spells:

 Spells                   Type           Power      Damage    Failure   Level
 Gell's Gravitas          Tloc           0%         N/A       100%        3
 Teleport Other           Tloc           0%         N/A       100%        3
 Tukima's Dance           Hex            0%         N/A       100%        3
 Dimensional Bullseye     Hex/Tloc       0%         N/A       100%        4
 Iskenderun's Mystic Bla  Conj/Tloc      0%         2d3       100%        4
 Dispersal                Tloc           0%         N/A       100%        6


Dungeon Overview and Level Annotations

Branches:
Dungeon (6/15)             Temple (0/1) D:4           Sewer (visited)
Ossuary (visited)

Altars:
Dithmenos
Elyvilon
Makhleb
Sif Muna
Trog
Wu Jian
Yredelemnul
Zin

Shops:
D:1 ?   D:4 (

Annotations:
D:9 Harold


Innate Abilities, Weirdness & Mutations

You are completely covered in rugged brown scales. (AC +3, +7% HP)
Armour fits poorly on your strangely shaped body.
You have a long armoured tail.
((You roll when moving toward enemies. (Rampage)))
Your long tongue fully drains potion bottles. (2x potion effects)
Your tongue gives you trouble enunciating. (1.5x scroll delay)


Message History

You block the troll's attack. x2
A gnoll comes into view. It is wielding a +0 whip.
You feel better.
You slurp down every last drop of the potion of curing!
The wight hits you from afar with a +0 spear.
You feel drained. The troll bites you. The troll claws you.
The troll claws you!
Aiming: Throw Flame
Press: ? - help, Q - select action, (/) - cycle Shift-Dir - straight line, f - troll
Aim: a troll (68% to hit)
Okay, then.
Aiming: Paralyse
Press: ? - help, Q - select action, (/) - cycle Shift-Dir - straight line, f - troll
Aim: a troll (chance to affect: 49%)
The troll resists with some effort.
You block the wight's attack. The troll bites you! The troll barely misses you.
The troll claws you.
* * * LOW HITPOINT WARNING * * *
Aiming: Paralyse
Press: ? - help, Q - select action, (/) - cycle Shift-Dir - straight line, f/p - troll
Aim: a troll (chance to affect: 49%)
The troll resists with some effort.
The wight hits you but does no damage. The troll bites you!
* * * LOW HITPOINT WARNING * * *
The troll completely misses you. The troll claws you!
* * * LOW HITPOINT WARNING * * *
Okay, then.
Blink to where?
Press: ? - help, Dir - move target, p - troll As you slowly read the scroll of blinking, it crumbles to dust.
The troll is attracted toward you.
Okay, then.
You feel better.
You slurp down every last drop of the potion of curing!
The troll bites you!
* * * LOW HITPOINT WARNING * * *
The troll claws you!
* * * LOW HITPOINT WARNING * * *
The troll claws you.
You die...

#.##........#
#..........#
#......z...#
#@.#
#zz###### #
#gzgz.ยง.# #
#.#####.# #
...# ##.T# #
..#### #.#@#
# .. ##.## #
. #.# # #.#
####### #.#
......# #.#
#####.# #.# #
#.#########.#
#...........#


You could see a troll.

Vanquished Creatures
  A kobold demonologist (D:6)
  Grinder (D:3)
  A steam dragon (D:6)
  Edmund (D:4)
  An acid dragon (D:9)
  A water moccasin (D:5)
  A sky beast (D:5)
  A centaur (D:6)
  3 phantoms
  2 elf zombies (Ossuary)
  2 kobold brigands (Sewer)
  A bullfrog (D:6)
  4 scorpions
  An electric eel (D:6)
  A howler monkey (D:6)
  3 orc priests (D:6)
  Crazy Yiuf (D:3)
  A hound (D:3)
  3 human zombies (Ossuary)
  2 iguanas
  Ijyb (D:3)
  4 orc wizards
  A hound zombie (Ossuary)
  3 mummies (Ossuary)
  Robin (D:4)
  7 gnolls
  11 adders
  A white imp (D:4)
  8 worms
  A dart slug (D:4)
  19 orcs
  3 bats
  10 endoplasms
  3 giant cockroaches
  A gnoll zombie (Ossuary)
  11 goblins
  13 hobgoblins
  5 jackals
  15 kobolds
  2 quokkas
  13 ball pythons
  4 frilled lizards
  3 goblin zombies (Ossuary)
  A kobold zombie (Ossuary)
  13 rats
  A rat zombie (Ossuary)
187 creatures vanquished.

Notes
Turn   | Place    | Note
-------+----------+-------------------------------------------
     0 | D:1      | BigDaddyOpFi the Armataur Fighter began the quest for the
                  | Orb.
     0 | D:1      | Reached XP level 1. HP: 19/19 MP: 1/1
   156 | D:1      | Found Ydentoty's Magic Scroll Shop.
   188 | D:1      | Reached XP level 2. HP: 26/26 MP: 2/2
   503 | D:2      | Reached skill level 4 in Armour
   644 | D:2      | Reached XP level 3. HP: 33/33 MP: 3/3
   692 | D:2      | Reached skill level 1 in Throwing
   692 | D:2      | Reached XP level 4. HP: 30/40 MP: 4/4
  1479 | D:3      | Reached XP level 5. HP: 20/48 MP: 5/5
  1924 | D:3      | Noticed a phantom
  1942 | D:3      | Killed a phantom
  1962 | D:3      | Found a glowing drain.
  1972 | Sewer    | Entered a sewer
  2160 | Sewer    | Reached XP level 6. HP: 54/54 MP: 6/6
  2463 | Sewer    | Reached skill level 5 in Armour
  2849 | D:3      | Noticed Ijyb
  2869 | D:3      | Killed Ijyb
  3054 | D:3      | Found an ornate altar of the Wu Jian Council.
  3062 | D:3      | Noticed a spectral centipede
  3062 | D:3      | Noticed a spectral black mamba
  3062 | D:3      | Noticed a spectral cane toad
  3063 | D:3      | Became a worshipper of the Wu Jian Council
  3126 | D:3      | Found a runed translucent door.
  3127 | D:3      | Noticed Crazy Yiuf
  3184 | D:3      | Noticed Grinder
  3187 | D:3      | Paralysed by Grinder for 2 turns
  3204 | D:3      | Killed Grinder
  3205 | D:3      | Reached skill level 5 in Shields
  3205 | D:3      | Reached skill level 1 in Shapeshifting
  3205 | D:3      | Reached XP level 7. HP: 47/63 MP: 7/7
  3484 | D:3      | Killed Crazy Yiuf
  3657 | D:4      | Found a staircase to the Ecumenical Temple.
  4158 | D:4      | Found a shadowy altar of Dithmenos.
  4459 | D:4      | Noticed Edmund
  4476 | D:4      | Killed Edmund
  4509 | D:4      | Found a white marble altar of Elyvilon.
  4696 | D:4      | Noticed Robin
  4707 | D:4      | Killed Robin
  4712 | D:4      | Reached XP level 8. HP: 53/70 MP: 8/8
  4789 | D:4      | Found Tidej's Antique Weapon Shop.
  4793 | D:4      | Reached skill level 6 in Armour
  5215 | D:5      | Entered Level 5 of the Dungeon
  5256 | D:5      | Found a basalt altar of Yredelemnul.
  5458 | D:5      | Found a sand-covered staircase.
  5505 | Ossuary  | Entered an ossuary
  5520 | Ossuary  | Reached * piety under Wu Jian
  5810 | D:5      | Reached skill level 5 in Fighting
  5901 | D:5      | Found a glowing silver altar of Zin.
  6263 | D:6      | Reached XP level 9. HP: 79/79 MP: 9/9
  6394 | D:6      | Noticed a kobold demonologist
  6399 | D:6      | Noticed a smoke demon
  6408 | D:6      | Noticed a sixfirhy
  6408 | D:6      | Killed a kobold demonologist
  6409 | D:6      | Reached skill level 7 in Armour
  6887 | D:6      | Found a shimmering blue altar of Sif Muna.
  7014 | D:6      | Found a burning altar of Makhleb.
  7065 | D:6      | Noticed a moth of wrath
  7068 | D:6      | Found a bloodstained altar of Trog.
  7077 | D:6      | Reached ** piety under Wu Jian
  7166 | D:6      | You fall into a shaft and drop 3 floors!
  7227 | D:9      | Noticed Harold
  7227 | D:9      | Noticed a troll
  7259 | D:9      | HP: 1/78 [troll (8)]
  7259 | D:9      | Slain by a troll

Illustrated notes

Levels and vault maps discovered:
D:1:      lightli_arrival_noodles, layout_rooms, serial_shops,
          nicolae_shop_advertising_works [nicolae_subvault_shop_adworks]
D:2:      layout_loops_corners, kennysheep_generic_room_13
D:3:      layout_loops_corners, pdpol_wu_jian_five_deadly_venoms,
          portal_sewer_entry_a, minmay_ruptured, uniq_crazy_yiuf_cottage,
          uniq_ijyb, uniq_grinder
D:4:      layout_loops_ring, kennysheep_mini_moat, kennysheep_mini,
          minmay_temple_entry_fiery, serial_shops, shop, minivault_1,
          serial_bayou_pond_d, uniq_robin, uniq_edmund
D:5:      layout_basic, general_overflow_altar, zin_scriptorium,
          nicolae_ossuary_entry_false_entrances, serial_corexii_hall,
          chequers_hall_statues_y, corexii_hall_statues_x
D:6:      layout_basic, old_standard_altar, tgw_trog, lemuel_round_altar,
          serial_aquarium, aquarium_bridge_island_large
          [aquarium_subvault_large_4_pools, aquarium_subvault_wall,
          aquarium_subvault_wall, aquarium_subvault_balcony,
          aquarium_subvault_bridge], aquarium_bridge_square
          [aquarium_subvault_bridge, aquarium_subvault_bridge,
          aquarium_subvault_window, aquarium_subvault_bridge],
          aquarium_window_1, aquarium_window_corridor_3, aquarium_window_fake,
          aquarium_view_2c, aquarium_balcony_3a, aquarium_pool_2,
          serial_bayou_pond_b
D:9:      layout_loops_cross, mainiacjoe_overflow_boulevard, uniq_harold

Skill      XL: |  1  2  3  4  5  6  7  8  9 |
---------------+----------------------------+-----
Armour         | 4 5 6 7 |  7.2
Fighting       | 3 4 5 |  5.5
Axes           | 2 3 4 |  4.7
Throwing       | 1 2 3 4 |  4.3
Shields        | 4 5 6 |  6.5
Shapeshifting  | 1 2 3 4 |  4.6

Action                     |  1- 3 |  4- 6 |  7- 9 || total
---------------------------+-------+-------+-------++-------
  Melee: War axe           |    54 |   221 |   282 ||   557
         Tailslap          |     7 |    31 |    35 ||    73
         Unarmed           |       |       |     9 ||     9
         Broad axe         |       |       |    14 ||    14
  Throw: Javelin           |     3 |    10 |     3 ||    16
         Throwing net      |       |     1 |       ||     1
         Stone             |       |       |     4 ||     4
Ability: Lunge             |       |     1 |    13 ||    14
         Breathe Fire      |       |       |     1 ||     1
         Begin Untransform |       |       |     1 ||     1
         Whirlwind         |       |       |    12 ||    12
  Evoke: Wand              |       |       |     9 ||     9
    Use: Potion            |       |     3 |    10 ||    13
         Scroll            |       |       |    17 ||    17
   Stab: Held in net/web   |       |     1 |       ||     1
 Armour: Scale mail        |    29 |   173 |   202 ||   404
         Skin              |       |       |     8 ||     8
         Plate armour      |       |       |   165 ||   165
  Dodge: Dodged            |    17 |    88 |    78 ||   183
  Block: Buckler           |    12 |    38 |    79 ||   129
   Form: Dragon            |       |       |     1 ||     1

Table legend: (Time is in decaauts)
 A = Elapsed time spent in this place.
 B = Non-inter-level travel time spent in this place.
 C = Inter-level travel time spent in this place.
 D = Time resting spent in this place.
 E = Time spent auto-exploring this place.
 F = Levels seen in this place.
 G = Mean time per level.
                   A        B        C        D        E       F      G
               +--------+--------+--------+--------+--------+-----+--------+
         Total |   7472 |   7304 |    168 |    916 |   4469 |   9 |  830.2 |
       Dungeon |   6375 |   6207 |    168 |    762 |   3922 |   7 |  910.7 |
         Sewer |    817 |    817 |      0 |     39 |    547 |   1 |  817.0 |
       Ossuary |    279 |    279 |      0 |    115 |      0 |   1 |  279.0 |
               +--------+--------+--------+--------+--------+-----+--------+

Top non-repeatable levels by time:
     D:4: 1639 daAuts
     D:3: 1435 daAuts
     D:2: 1035 daAuts
     D:6: 977 daAuts
   Sewer: 817 daAuts
     D:5: 742 daAuts
     D:1: 446 daAuts
 Ossuary: 279 daAuts
     D:9: 100 daAuts
